 Dungeon Sprint DCSS version bcrawl-1.12.2 (webtiles) character file.

Game seed: 7012887133026366671

440 Genom09 the Grappler (level 6, -6/106 HPs)
             Began as a Troll Berserker on July 24, 2019.
             Was a Believer of Trog.
             Mangled by Sonja
             ... wielding a +0 dagger of distortion
              (15 damage)
             ... in the Dungeon (Sprint I: "Red Sonja").
             The game lasted 00:02:20 (315 turns).

Genom09 the Grappler (Troll Berserker)               Turns: 315, Time: 00:02:21

Health: -6/106     AC:  6    Str: 33    XL:     6   Next: 70%
Magic:  5/5        EV: 13    Int:  4    God:    Trog [**....]
Gold:   222        SH:  0    Dex:  9    Spells: 5/5 levels left

rFire    . . .     SeeInvis .     - Unarmed
rCold    . . .     Gourm    +   (no shield)
rNeg     . . .     Faith    .   (armour unavailable)
rPois    .         Spirit   .   (helmet restricted)
rElec    .         Reflect  .   (no cloak)
rCorr    .         Harm     .   (gloves unavailable)
MR       .....     NoTele   +   (boots unavailable)
Stlth    ..........             (no amulet)
HPRegen  0.67/turn              (no ring)
MPRegen  0.09/turn              (no ring)

@: berserking (expiring), lethally poisoned (-6 -> -9), slowed
A: large, almost no armour, unfitting armour, claws 3, fast metabolism 3,
gourmand, regeneration 1, AC +6
a: Berserk, Trog's Hand, Renounce Religion


You were in the Dungeon.
You worshipped Trog.
Trog was pleased with you.
You were full.

You visited 1 branch You collected 297 gold pieces.
You spent 75 gold pieces at shops.

Inventory:

Wands
 h - a wand of polymorph (9)
Scrolls
 g - a scroll of blinking
 i - a scroll of amnesia {unknown}
 j - 3 scrolls of identify {unknown}
Potions
 b - a potion of curing
 c - a potion of heal wounds
 d - a potion of haste
 e - 2 potions of magic
 f - a potion of berserk rage
Comestibles
 a - 3 rations {!d}


   Skills:
 + Level 7.4 Fighting
 + Level 7.4 Dodging
 + Level 9.0 Unarmed Combat


You had 5 spell levels left.
You didn't know any spells.
Your spell library was empty.

Dungeon Overview and Level Annotations

Branches:
Dungeon (1/1)

Altars:
Cheibriados
Dithmenos
Elyvilon
Fedhas
Gozag
Hepliaklqana
Kikubaaqudgha
Nemelex Xobeh
Okawaru
Qazlal
Ru
Sif Muna
Trog
Uskayaw
Vehumet
Wu Jian
Yredelemnul
Zin
The Shining One

Shops:
D *

Annotations:
D Sonja


Innate Abilities, Weirdness & Mutations

You cannot wear most types of armour.
Your thick skin is tough. (AC +6)
You are too large for most types of armour.
You have claws for hands.
Your metabolism is lightning-fast.
You like to eat raw meat.
Your natural rate of healing is unusually fast.


Message History

* * * LOW HITPOINT WARNING * * *
Okay, then.
You barely miss Sonja.
You feel sick.
Sonja gestures wildly while chanting.
Sonja blinks!
You feel sick.
Sonja unwields a +0 dagger of distortion.
Its appearance distorts for a moment.
Sonja wields a +0 blowgun.
Sonja shoots a curare-tipped needle.
The curare-tipped needle barely misses you.
There is an open door here.
You feel a strong urge to attack something.
You feel sick.
Sonja unwields a +0 blowgun.
Sonja wields a +0 dagger of distortion.
Its appearance distorts for a moment.
Sonja hits you with a +0 dagger of distortion.
* * * LOW HITPOINT WARNING * * *
Space warps horribly around you!
* * * LOW HITPOINT WARNING * * *
Sonja hits you but does no damage. Space warps horribly around you!
You die...

################
#<.#.))..#..'..#
#..'..#..').#..+
#..#####'#####'#
#..####..#...#.#
#..#__####..##.#
#..#_____##'#_.+
#⌠⌠#_.∩...'..K_#
####_..__##_@#+#
#_____###'#
####### #.#
+$§$+ #$.$#
##.## #+#


You could see Sonja.

Vanquished Creatures
  Sigmund (D)
  A yak (D)
  An ogre (D)
  A jelly (D)
  Ijyb (D)
5 creatures vanquished.

Vanquished Creatures (others)
  A gargoyle (D)
1 creature vanquished.

Grand Total: 6 creatures vanquished

Notes
Turn   | Place    | Note
-------+----------+-------------------------------------------
     0 | D        | Genom09 the Troll Berserker began the quest for the Orb.
     0 | D        | Reached XP level 1. HP: 22/22 MP: 0/0
     1 | D        | Noticed Ijyb
    11 | D        | Killed Ijyb
    11 | D        | Reached skill level 4 in Unarmed Combat
    11 | D        | Reached XP level 2. HP: 18/31 MP: 1/1
    63 | D        | Killed a gargoyle
   187 | D        | Noticed an ogre
   191 | D        | Killed an ogre
   191 | D        | Reached skill level 5 in Fighting
   191 | D        | Reached skill level 6 in Unarmed Combat
   191 | D        | Reached XP level 3. HP: 42/42 MP: 2/2
   191 | D        | Gained mutation: Your natural rate of healing is unusually
                  | fast. [Troll growth]
   191 | D        | Reached XP level 4. HP: 50/50 MP: 3/3
   195 | D        | Noticed Sigmund
   201 | D        | Killed Sigmund
   201 | D        | Reached ** piety under Trog
   201 | D        | Reached skill level 7 in Unarmed Combat
   201 | D        | Reached XP level 5. HP: 54/61 MP: 4/4
   264 | D        | Found an ornate altar of the Wu Jian Council.
   264 | D        | Found a deep blue altar of Sif Muna.
   266 | D        | Found a radiant altar of Vehumet.
   268 | D        | Reached skill level 8 in Unarmed Combat
   268 | D        | Reached XP level 6. HP: 68/68 MP: 5/5
   292 | D        | Found Rahoblia's Assorted Antiques.
   292 | D        | Found an ancient bone altar of Kikubaaqudgha.
   292 | D        | Found a hazy altar of Hepliaklqana.
   292 | D        | Found a hide-covered altar of Uskayaw.
   292 | D        | Found a basalt altar of Yredelemnul.
   292 | D        | Found an opulent altar of Gozag.
   292 | D        | Found a snail-covered altar of Cheibriados.
   292 | D        | Found a sacrificial altar of Ru.
   292 | D        | Found a shadowy altar of Dithmenos.
   292 | D        | Noticed a yak
   297 | D        | Killed a yak
   297 | D        | Reached skill level 9 in Unarmed Combat
   298 | D        | Found a stormy altar of Qazlal.
   298 | D        | Found a blossoming altar of Fedhas.
   298 | D        | Found a bloodstained altar of Trog.
   298 | D        | Found an iron altar of Okawaru.
   298 | D        | Found a glowing golden altar of the Shining One.
   298 | D        | Found a glowing silver altar of Zin.
   298 | D        | Found a white marble altar of Elyvilon.
   299 | D        | Found a sparkling altar of Nemelex Xobeh.
   303 | D        | Bought a scroll labeled EDATUXYNAQ for 25 gold pieces
   303 | D        | Bought a scroll labeled EDATUXYNAQ for 25 gold pieces
   303 | D        | Bought a scroll labeled EDATUXYNAQ for 25 gold pieces
   309 | D        | Noticed Sonja
   315 | D        | Mangled by Sonja

Skill      XL: |  1  2  3  4  5  6 |
---------------+-------------------+-----
Fighting       | 3 5 6 7 |  7.4
Dodging        | 3 4 6 7 |  7.4
Unarmed Combat | 4 6 7 8 9 |  9.0

Action                   |  1- 3 |  4- 6 || total
-------------------------+-------+-------++-------
Melee: Unarmed           |     9 |    12 ||    21
       Punch             |       |     1 ||     1
Invok: Berserk           |     2 |     1 ||     3
  Eat: Chunk             |     2 |     4 ||     6
Armor: Skin              |       |     3 ||     3
Dodge: Dodged            |     3 |    12 ||    15
